Map: Muro dorado EE

Players

MrFercho - Winner!

  • Race: Zerg Zerg
  • League: Gold
  • Spawn Location: 5:00

Nemesis

  • Race: Terran Terran
  • League: Gold
  • Spawn Location: 7:00

VOD

Have the link to the VOD?

Description

Time

  • Played on: July 27, 2020, 11:17 p.m.
  • Length: 6:44
Show
View Real Time Build Order
Export as new Build Order

MrFercho Zerg - Winner!

Build Orders: Hatch First 

Get SALT Encoding   

  12  0:02  Drone  
  13  0:13  Overlord  
  13  0:17  Drone  
  14  0:32  Drone x2  
  16  0:51  Hatchery  
  16  0:53  Drone  
  16  0:57  Drone  
  17  1:00  Drone  
  18  1:10  Extractor  
  17  1:16  Spawning Pool  
  16  1:20  Drone  
  16  1:22  Drone  
  18  1:29  Drone  
  20  1:40  Drone  
  20  1:51  Overlord  
  20  2:03  Drone  
  20  2:05  Zergling x2  
  20  2:06  Queen x2  
  26  2:13  Zergling x2  
  27  2:16  Drone  
  27  2:18  Metabolic Boost  
  28  2:27  Drone x2  
  30  2:34  Drone  
  31  2:45  Overlord x2  
  31  2:52  Drone  
  31  2:55  Drone  
  31  2:56  Drone  
  34  3:02  Queen  
  34  3:04  Lair  
  36  3:06  Drone  
  37  3:22  Drone x3  
  40  3:38  Drone x3  
  43  3:45  Zergling x2  
  43  3:48  Overlord x3  
  44  3:56  Evolution Chamber  
  44  3:59  Zergling x2  
  44  4:00  Baneling Nest  
  44  4:01  Zergling x2  
  44  4:10  Queen  
  44  4:13  Zergling x10  
  44  4:15  Drone x3  
  54  4:24  Zerg Melee Weapons Level 1  
  54  4:45  Centrifical Hooks  
  54  4:55  Extractor  
  54  4:56  Extractor  
  54  4:57  Drone  
  54  4:58  Drone x2  
  54  4:59  Drone x2  
  58  5:00  Drone  
  58  5:07  Zergling x10  
  63  5:16  Hatchery  
  63  5:19  Overseer  
  62  5:21  Zergling x2  
  62  5:22  Zergling x10  
  62  5:28  Baneling x4  
  68  5:40  Overlord  
  68  5:41  Overlord x2  
  68  5:42  Spine Crawler  
Show
View Real Time Build Order
Export as new Build Order

Nemesis Terran 

Build Orders:  

Get SALT Encoding   

  12  0:01  SCV  
  13  0:13  SCV  
  14  0:19  Supply Depot  
  14  0:25  SCV  
  15  0:41  SCV  
  16  0:43  Barracks  
  16  0:47  Refinery  
  16  0:53  SCV  
  17  1:05  SCV  
  18  1:17  SCV  
  19  1:30  Orbital Command  
  19  1:32  Supply Depot  
  19  1:39  Barracks Reactor  
  19  1:54  Command Center  
  19  1:58  SCV  
  20  2:10  SCV  
  20  2:13  Factory  
  21  2:16  Marine x2  
  23  2:25  SCV  
  24  2:31  Refinery  
  24  2:35  Marine x2  
  26  2:38  SCV  
  27  2:50  SCV  
  28  2:53  Marine  
  28  2:57  Marine  
  28  2:58  Factory Tech Lab  
  30  3:00  Starport  
  30  3:02  SCV  
  31  3:11  Marine  
  32  3:14  SCV  
  32  3:15  Marine  
  33  3:21  Siege Tank  
  37  3:27  Orbital Command  
  37  3:28  Marine  
  37  3:35  SCV  
  38  3:46  Supply Depot  
  38  3:47  SCV  
  39  3:51  Starport Tech Lab  
  39  3:54  Barracks  
  39  3:55  Starport Reactor  
  39  3:57  Starport Tech Lab  
  39  3:59  Marine  
  40  4:04  SCV  
  40  4:05  SCV  
  42  4:12  Marine  
  42  4:14  Siege Tank  
  42  4:16  SCV  
  47  4:17  SCV  
  47  4:22  Supply Depot  
  48  4:25  Marine  
  48  4:28  SCV  
  50  4:32  SCV  
  50  4:33  Marine  
  52  4:40  SCV  
  53  4:45  SCV  
  53  4:49  Barracks  
  55  4:52  SCV  
  55  4:55  Starport Reactor  
  55  4:58  SCV  
  56  5:04  Command Center, SCV  
  57  5:07  Marine  
  57  5:09  Marine  
  57  5:10  SCV  
  57  5:11  Supply Depot  
  60  5:17  SCV  
  61  5:22  SCV  
  61  5:23  Refinery  
  61  5:25  Refinery  
  62  5:32  Marine, SCV  
  62  5:34  SCV  
  65  5:39  Command Center  
  65  5:41  Barracks Tech Lab  
  65  5:44  SCV  
  65  5:48  SCV  
  67  5:56  Marine x2, SCV  
  70  6:01  Supply Depot  
  70  6:02  Marine, SCV  
  72  6:08  SCV  
  73  6:14  Marine x2, SCV  
  73  6:15  Marine  
  81  6:19  Marine  
Tags
 
League
GoldGold
Matchup
TvZ
Replay Pack
MrFercho
Spawn Locations
Close Positions
Add a new tag
Caveats
  • Supply blocks, unpowered buildings, or Contaminate may cause inaccurate times.
  • Supply counts are checked every 10 seconds.